 Dungeon Crawl Stone Soup version 0.26-a0-668-gd58323b419 (webtiles) character file.

Game seed: 2478290646697847992

369 heikuro the Skirmisher (level 7, -1/55 HPs)
             Began as a Formicid Abyssal Knight on Oct 18, 2020.
             Was a Believer of Lugonu.
             Slain by Edmund
             ... wielding a +1 dire flail of draining
              (9 damage)
             ... on level 4 of the Dungeon.
             The game lasted 00:08:53 (2782 turns).

heikuro the Skirmisher (Formicid Abyssal Knight)    Turns: 2782, Time: 00:08:53

Health: -1/55      AC:  8    Str: 18    XL:     7   Next: 1%
Magic:  6/9        EV:  9    Int: 12    God:    Lugonu [**....]
Gold:   127        SH:  0    Dex: 10    Spells: 6/6 levels left

rFire    . . .     SeeInvis +   a - +1 hand axe (vorpal)
rCold    . . .     Faith    .   (no shield)
rNeg     . . .     Spirit   .   d - +0 scale mail
rPois    .         Reflect  .   (helmet unavailable)
rElec    .         Harm     .   (no cloak)
rCorr    .         Rampage  .   f - +0 pair of gloves
MR       .....                  o - +0 pair of boots
Stlth    ..........             (no amulet)
HPRegen  0.18/turn              (no ring)
MPRegen  0.11/turn              (no ring)

@: very heavily drained
A: permanent stasis, dig shafts and tunnels, four strong arms, antennae 3
a: Dig, Shaft Self, Depart the Abyss, Bend Space, Renounce Religion


You were on level 4 of the Dungeon.
You worshipped Lugonu.
Lugonu was pleased with you.
You visited 1 branch of the dungeon, and saw 4 of its levels.
You visited the Abyss 1 time.

You collected 127 gold pieces.

Inventory:

Hand Weapons
 a - a +1 vorpal hand axe (weapon)
 m - a cursed +0 hunting sling
Missiles
 h - 29 stones (quivered)
 p - 3 boomerangs
Armour
 d - a +0 scale mail (worn)
 f - a +0 pair of gloves (worn)
 o - a +0 pair of boots (worn)
Jewellery
 e - an uncursed ring of protection from magic {unknown}
 j - an uncursed ring of stealth {unknown}
 k - an uncursed ring of protection from magic {unknown}
Scrolls
 l - 2 scrolls of remove curse {unknown}
 n - 2 scrolls of identify {unknown}
 q - a scroll of random uselessness {unknown}
 r - a scroll of immolation {unknown}
 s - a scroll of blinking {unknown}
Potions
 b - a potion of brilliance
 c - a potion of magic
 i - a potion of degeneration {unknown}


   Skills:
 + Level 4.5(1.3) Fighting
 * Level 4.4(1.3) Axes
 + Level 1.4(0.0) Slings
 + Level 3.7(0.7) Armour
 - Level 1.0(0.0) Dodging
 + Level 3.9(0.8) Invocations


You had 6 spell levels left.
You didn't know any spells.
Your spell library contained the following spells:

 Spells                   Type           Power        Failure   Level
 Animate Skeleton         Necr           #.....       73%         1
 Apportation              Tloc           #.....       73%         1
 Corona                   Hex            #......      73%         1
 Pain                     Necr           #...         73%         1
 Summon Small Mammal      Summ           #...         73%         1
 Vampiric Draining        Necr           #.........   97%         3
 Animate Dead             Necr           #.........   100%        4
 Agony                    Necr           #.......     100%        5


Dungeon Overview and Level Annotations

Branches:
Dungeon (4/15)
 Temple: D:4-7

Altars:
Dithmenos

Annotations:
D:4 Edmund


Innate Abilities, Weirdness & Mutations

You cannot be hasted, slowed, berserked, paralysed or teleported.
You can dig through walls and to a lower floor.
Your four strong arms can wield two-handed weapons with a shield.
You have a pair of large antennae on your head. (SInv)


Message History

Edmund is severely wounded.
Edmund barely misses you.
You barely miss Edmund.
Edmund is severely wounded.
Edmund hits you but does no damage.
You feel drained.
You closely miss Edmund.
Edmund is severely wounded.
Edmund hits you with a +1 dire flail of draining.
* * * LOW HITPOINT WARNING * * *
You feel drained.
You closely miss Edmund.
Edmund is severely wounded.
Edmund hits you but does no damage.
You feel drained.
You hit Edmund but do no damage.
Edmund is severely wounded.
Edmund closely misses you.
You hit Edmund but do no damage.
Edmund is severely wounded.
Edmund hits you with a +1 dire flail of draining!
You die...

................ # #. #.#
#..........## #####.#####.##.#
#...........# #.#.#.#.#.#.#.##
#......[...#.#.#.#.#.#.#.#.#.#
#......(....#.#.#.#.#.#.#.#.##
#......(...#.#.#.#.#.#.#.#.#.#
#......(....#.#(#.#.#.#.#.....
#.......(.(....#.#.#.#.#.#....
#........((..@..#.#.#.#.#.....
......##...(.@..#.#.#.#.#.#....
#########.#.#(......#.#.#.#.....
#........#.#.............#....
###ยง#.#.......#.....#.....
#..#.#.#.#.#.......#.#.#
#.#.#.#.#.#.#.....#.#.##
#.#####..#.#.#.#.....#.#.#.#.#
...[........#.#.#.....#.#.#.##


You could see Edmund.

Vanquished Creatures
  An ogre (D:4)
  A scorpion (D:4)
  A hound (D:4)
  A bullfrog skeleton (D:4)
  4 worker ants (D:4)
  Robin (D:2)
  An adder (D:2)
  A howler monkey skeleton (D:4)
  An adder skeleton (D:4)
  A worm (D:4)
  3 dart slugs
  An orc (D:4)
  2 bats
  A giant cockroach (D:1)
  6 goblins (D:2)
  8 hobgoblins
  3 jackals (D:4)
  2 kobolds (D:1)
  A quokka (D:4)
  2 frilled lizards (D:1)
  3 rats (D:1)
45 creatures vanquished.

Notes
Turn   | Place    | Note
-------+----------+-------------------------------------------
     0 | Abyss:1  | heikuro the Formicid Abyssal Knight began the quest for the
                  | Orb.
     0 | Abyss:1  | Reached XP level 1. HP: 18/18 MP: 2/2
    23 | Abyss:1  | Noticed a small abomination
    29 | D:1      | Escaped the Abyss
   136 | D:1      | Reached skill level 1 in Dodging
   198 | D:1      | Reached XP level 2. HP: 9/24 MP: 3/3
   644 | D:1      | Reached * piety under Lugonu
   882 | D:2      | Reached XP level 3. HP: 23/29 MP: 4/4
  1285 | D:2      | Noticed Robin
  1320 | D:2      | Killed Robin
  1320 | D:2      | Reached XP level 4. HP: 37/37 MP: 6/6
  1395 | D:2      | You fall into a shaft and drop 2 floors!
  1659 | D:4      | Reached XP level 5. HP: 2/42 MP: 7/7
  1661 | D:4      | HP: 3/63 [poisoned by a scorpion]
  1667 | D:4      | HP: 2/63 [poisoned by a scorpion]
  1675 | D:4      | HP: 2/63 [poisoned by a scorpion]
  2325 | D:4      | Noticed an ogre
  2336 | D:4      | Killed an ogre
  2336 | D:4      | Reached skill level 1 in Slings
  2336 | D:4      | Reached XP level 6. HP: 48/49 MP: 8/8
  2514 | D:4      | Reached ** piety under Lugonu
  2664 | D:4      | Found a shadowy altar of Dithmenos.
  2718 | D:4      | Reached XP level 7. HP: 55/55 MP: 9/9
  2719 | D:4      | Noticed Edmund
  2782 | D:4      | Slain by Edmund

Illustrated notes

Levels and vault maps discovered:
D:1:      lightli_arrival_windingriver, layout_rooms
D:2:      layout_basic, uniq_robin
D:3:      layout_basic, uniq_terence
D:4:      kennysheep_six_static_rooms, layout_basic,
          grunt_dithmenos_smoke_and_mirrors, uniq_edmund

Skill      XL: |  1  2  3  4  5 |
---------------+----------------+-----
Dodging        | 1 |  1.0
Axes           | 3 4 |  4.4
Invocations    | 3 |  3.9
Fighting       | 4 |  4.5
Armour         | 3 |  3.7
Slings         | 1 |  1.4

Action                   |  1- 3 |  4- 6 |  7- 9 || total
-------------------------+-------+-------+-------++-------
Melee: Hand axe          |    84 |    72 |    17 ||   173
Throw: Dart              |     4 |    25 |    10 ||    39
       Stone             |       |       |     3 ||     3
Invok: Depart the Abyss  |     1 |       |       ||     1
       Bend Space        |       |       |     9 ||     9
  Use: Potion            |       |     4 |       ||     4
       Scroll            |       |     1 |       ||     1
Armor: Leather armour    |     5 |       |       ||     5
       Scale mail        |    21 |    33 |     4 ||    58
Dodge: Dodged            |    47 |    33 |     7 ||    87

Table legend: (Time is in decaauts)
 A = Elapsed time spent in this place.
 B = Non-inter-level travel time spent in this place.
 C = Inter-level travel time spent in this place.
 D = Time resting spent in this place.
 E = Time spent auto-exploring this place.
 F = Levels seen in this place.
 G = Mean time per level.
                   A        B        C        D        E       F      G
               +--------+--------+--------+--------+--------+-----+--------+
         Total |   2807 |   2609 |    198 |   1002 |    413 |   5 |  561.4 |
       Dungeon |   2778 |   2580 |    198 |   1002 |    413 |   4 |  694.5 |
         Abyss |     29 |     29 |      0 |      0 |      0 |   1 |   29.0 |
               +--------+--------+--------+--------+--------+-----+--------+

Top non-repeatable levels by time:
     D:4: 1390 daAuts
     D:1: 947 daAuts
     D:2: 434 daAuts
 Abyss:1: 29 daAuts
     D:3: 6 daAuts
